 Dungeon Crawl Stone Soup version 0.30-a0-424-g7412bad402 (webtiles) character file.

Game seed: 11717358796545685527

2597 pokeman the Thaumaturge (level 9, -23/51 HPs)
             Began as a Deep Elf Hedge Wizard on Dec 9, 2022.
             Hit by a large rock thrown by a cyclops (49 damage)
             ... on level 7 of the Dungeon.
             The game lasted 00:16:09 (7956 turns).

pokeman the Thaumaturge (Deep Elf Hedge Wizard)     Turns: 7956, Time: 00:16:09

Health: -23/51     AC:  6    Str: 13    XL:     9   Next: 33%
Magic:  27/27      EV: 13    Int: 24    God:
Gold:   129        SH:  0    Dex: 14    Spells: 19/32 levels left

rFire   + . .      SeeInvis +    I - +6 trident of Doubt {freeze, SInv Stlth+}
rCold   . . .      Faith    .    (no shield)
rNeg    . . .      Spirit   .    u - +2 robe {rF+}
rPois   +          Reflect  .    b - +0 helmet
rElec   .          Harm     .    (no cloak)
rCorr   .          Rampage  .    k - +0 pair of gloves
Will    .....                    (no boots)
Stlth   +++.......               H - amulet of magic regeneration
HPRegen 0.28/turn                e - +6 ring of strength
MPRegen 0.60/turn                t - ring of poison resistance

@: no status effects
A: no striking features
a: no special abilities


You were on level 7 of the Dungeon.
You visited 2 branches of the dungeon, and saw 8 of its levels.

You collected 343 gold pieces.
You spent 214 gold pieces at shops.

Inventory:

Hand Weapons
 A - a +2 dagger of venom
 I - the +6 trident of Doubt (weapon) {freeze, SInv Stlth+}
   (You found it on level 7 of the Dungeon)

   It freezes those it strikes, dealing additional cold damage.
   It can also slow down cold-blooded creatures.
   SInv:      It lets you see invisible.
   Stlth:     It makes you more stealthy.
Armour
 b - a +0 helmet (worn)
 c - a +0 leather armour of cold resistance
 k - a +0 pair of gloves (worn)
 u - a +2 robe of fire resistance (worn)
 x - the +5 robe of Misfortune {Harm *Corrode *Slow EV+5}
   (You found it on level 3 of the Dungeon)

   EV:        It affects your evasion (+5).
   *Corrode:  It may corrode you when you take damage.
   *Slow:     It may slow you when you take damage.
   Harm:      It increases damage dealt and taken.
 J - a +0 robe of the Archmagi
Jewellery
 e - a +6 ring of strength (left hand)
 f - a ring of fire
 s - an amulet of guardian spirit
 t - a ring of poison resistance (right hand)
 H - an amulet of magic regeneration (around neck)
 K - an amulet of regeneration
Wands
 E - a wand of charming (9)
Scrolls
 a - a scroll of silence
 h - 2 scrolls of poison
 m - a scroll of enchant weapon
 n - a scroll of brand weapon
 o - 2 scrolls of teleportation
 y - 3 scrolls of enchant armour
 z - a scroll of torment
 B - 2 scrolls of immolation
 C - 2 scrolls of butterflies
 D - a scroll of blinking
 F - a scroll of fear {unknown}
Potions
 d - a potion of magic
 g - a potion of mutation
 i - 5 potions of curing
 j - 3 potions of might
 l - 3 potions of heal wounds {unknown}
 p - 3 potions of invisibility {unknown}
 q - 3 potions of flight {unknown}
 r - 3 potions of degeneration {unknown}
 v - a potion of brilliance {unknown}
 w - 3 potions of attraction {unknown}
 G - 2 potions of haste {unknown}


   Skills:
 + Level 3.4 Fighting
 - Level 3.1 Armour
 - Level 3.1 Dodging
 - Level 3.0 Stealth
 * Level 12.0 Spellcasting
 + Level 6.6 Conjurations
 - Level 1.1 Summonings
 - Level 1.1 Translocations
 - Level 1.0 Ice Magic
 - Level 2.0 Air Magic
 - Level 1.0 Poison Magic
 - Level 1.0 Evocations


You had 19 spell levels left.
You knew the following spells:

 Your Spells              Type           Power      Damage    Failure   Level
a - Magic Dart            Conj           100%       1d8       1%          1
b - Mephitic Cloud        Conj/Pois/Air  29%        N/A       3%          3
c - Call Imp              Summ           19%        N/A       4%          2
d - Blink                 Tloc           38%        N/A       4%          2
e - Freezing Cloud        Conj/Ice/Air   14%        6-21      32%         5

Your spell library contained the following spells:

 Spells                   Type           Power      Damage    Failure   Level
 Dazzling Flash           Conj/Hex       60%        N/A       3%          3
 Slow                     Hex            56%        N/A       4%          1
 Cigotuvi's Dreadful Rot  Necr/Pois/Air  38%        N/A       4%          2
 Kindle Blastsparks       Fire/Tloc/Air  38%        2d13      9%          3
 Ignite Poison            Fire/Tmut/Pois 16%        N/A       11%         3
 Summon Lightning Spire   Summ/Air       21%        N/A       22%         4
 Silence                  Hex/Air        9%         N/A       61%         5
 Agony                    Necr           14%        N/A       75%         5
 Storm Form               Tmut/Air       9%         N/A       100%        7
 Maxwell's Capacitive Co  Air            12%        ∞         100%        8


Dungeon Overview and Level Annotations

Branches:
Dungeon (7/15)             Temple (1/1) D:5

Altars:
Cheibriados
Dithmenos
Elyvilon
Nemelex Xobeh
Qazlal
Sif Muna
Trog
Uskayaw
Xom
Yredelemnul
Zin
The Shining One

Shops:
D:6 ?

Annotations:
D:3 2 transporters, AigisTheKnight's ghost, amateur VSCj
D:7 exclusion: door


Message History

* * * LOW HITPOINT WARNING * * *
The vampire mosquito draws strength from your injuries!
The vampire mosquito bites you!
* * * LOW HITPOINT WARNING * * *
The vampire mosquito draws strength from your injuries!
Your shadow imp hits the vampire mosquito.
Unknown command.
Blink to where?
Press: ? - help, Dir - move target
As you read the scroll of blinking, it crumbles to dust.
You close the door.
You start resting.
Magic restored.
You start resting.
Your magical contamination has completely faded away.
You start resting.
A cyclops opens the door.
Casting: Call Imp (safe; 4% risk of failure)
Confirm with . or Enter, or press ? or * to list all spells.
Aiming: Mephitic Cloud (dangerous; 3% risk of failure)
Press: ? - help, Shift-Dir - straight line, f - cyclops
Aim: a cyclops, quivering large rocks (wandering, hasn't noticed you, chance to affect: 58%)
The ball explodes into a vile cloud!
The stinking cloud engulfs the cyclops but does no damage.
Unknown command.
Unknown command.
Okay, then.
Unknown command.
You close the door.
A cyclops opens the door.
You close the door.
A cyclops breaks down the door.
The boulder beetle is engulfed in noxious fumes.
The boulder beetle appears confused.
The cyclops is engulfed in noxious fumes.
The boulder beetle barely misses the cyclops.
The boulder beetle wildly waves its antennae.
The cyclops throws a large rock.
The large rock hits you!
The boulder beetle seems less confused.
The cyclops throws a large rock.
The large rock hits you!!!
Ouch! That really hurt!
You die...

#......).##..........#
######'####..........#
#....C# #.##########
#.....# #.# #.....#
#.# #...B.###'#######
###
#.....##........###..
#.....##..........'..
#...@.##........###..
####.###........# #..
#.# #........# #.. #.#
#........# #.. #.#
#........# ### #.#
########## #.# #.# #.#


You could see a boulder beetle and a cyclops.

Vanquished Creatures
  A slime creature (D:7)
  A wraith (D:7)
  Eustachio (D:5)
  Edmund (D:6)
  An ice beast (D:5)
  An orc warrior (D:7)
  A sky beast (D:7)
  An ogre (D:6)
  2 black bears (D:6)
  A centaur (D:6)
  3 phantoms
  A bullfrog (D:5)
  A necrophage (D:7)
  A scorpion (D:6)
  4 wights
  3 killer bees (D:6)
  3 howler monkeys (D:7)
  2 jellies (D:6)
  An orc priest (D:7)
  4 hounds
  Jessica (D:2)
  4 orc wizards (D:7)
  Natasha (thrice) (D:2)
  5 adders
  2 dart slugs
  24 orcs
  5 bats
  8 endoplasms
  A giant cockroach (D:3)
  9 goblins (D:2)
  7 hobgoblins
  4 jackals (D:3)
  3 quokkas (D:1)
  2 ball pythons
  2 frilled lizards
  9 kobolds
  7 rats
130 creatures vanquished.

Vanquished Creatures (collateral kills)
  Robin (D:2)
1 creature vanquished.

Vanquished Creatures (others)
  A butterfly (D:4)
  27 plants (D:7)
28 creatures vanquished.

Grand Total: 159 creatures vanquished

Notes
Turn   | Place    | Note
-------+----------+-------------------------------------------
     0 | D:1      | pokeman the Deep Elf Hedge Wizard began the quest for the
                  | Orb.
     0 | D:1      | Reached XP level 1. HP: 10/10 MP: 7/7
   405 | D:1      | Reached XP level 2. HP: 16/16 MP: 6/9
  1368 | D:1      | Reached skill level 5 in Spellcasting
  1451 | D:2      | Reached XP level 3. HP: 20/20 MP: 7/11
  1455 | D:2      | Learned a level 3 spell: Mephitic Cloud
  1458 | D:2      | Learned a level 2 spell: Call Imp
  1461 | D:2      | Learned a level 2 spell: Blink
  1549 | D:2      | Noticed Robin
  1787 | D:2      | Killed Robin
  1788 | D:2      | Reached skill level 1 in Fighting
  1788 | D:2      | Reached skill level 1 in Armour
  1939 | D:2      | Found a faded altar of an unknown god.
  2059 | D:2      | Noticed Natasha
  2085 | D:2      | Killed Natasha
  2086 | D:2      | Reached XP level 4. HP: 5/25 MP: 1/13
  2128 | D:2      | Noticed Natasha
  2188 | D:2      | Killed Natasha
  2265 | D:2      | Noticed Natasha
  2278 | D:2      | Killed Natasha
  2279 | D:2      | Reached skill level 6 in Spellcasting
  2279 | D:2      | Reached XP level 5. HP: 20/29 MP: 7/15
  2290 | D:2      | Learned a level 5 spell: Freezing Cloud
  2354 | D:2      | Noticed Jessica
  2358 | D:2      | Killed Jessica
  3001 | D:3      | Found the +5 robe of Misfortune {Harm *Corrode *Slow EV+5}
  3004 | D:3      | Found a transporter.
  3005 | D:3      | Found a transporter.
  3005 | D:3      | Noticed AigisTheKnight's ghost (amateur VSCj)
  3584 | D:4      | Reached skill level 1 in Poison Magic
  3716 | D:4      | Found a white marble altar of Elyvilon.
  3734 | D:4      | Reached skill level 1 in Ice Magic
  3809 | D:4      | Found a glowing golden altar of the Shining One.
  4181 | D:4      | Reached XP level 6. HP: 28/34 MP: 8/17
  4359 | D:5      | Entered Level 5 of the Dungeon
  4485 | D:5      | Noticed Eustachio
  4508 | D:5      | Reached skill level 1 in Air Magic
  4509 | D:5      | Killed Eustachio
  4510 | D:5      | Reached skill level 7 in Spellcasting
  4673 | D:5      | Found a staircase to the Ecumenical Temple.
  4690 | D:5      | Reached XP level 7. HP: 39/39 MP: 7/20
  4707 | Temple   | Entered the Ecumenical Temple
  5025 | D:5      | Reached skill level 8 in Spellcasting
  5542 | D:6      | Found a shimmering altar of Xom.
  5617 | D:6      | Reached skill level 9 in Spellcasting
  5617 | D:6      | Reached XP level 8. HP: 25/44 MP: 5/23
  5717 | D:6      | Found Heyfase's Magic Scroll Emporium.
  5725 | D:6      | Bought a scroll of teleportation for 39 gold pieces
  5725 | D:6      | Bought a scroll of blinking for 97 gold pieces
  5725 | D:6      | Bought a scroll of identify for 26 gold pieces
  5725 | D:6      | Bought a scroll of identify for 26 gold pieces
  5725 | D:6      | Bought a scroll of identify for 26 gold pieces
  6080 | D:6      | Reached skill level 5 in Conjurations
  6467 | D:6      | Reached skill level 10 in Spellcasting
  6467 | D:6      | Noticed Edmund
  6490 | D:6      | Killed Edmund
  7163 | D:7      | Reached skill level 11 in Spellcasting
  7363 | D:7      | Identified the +6 trident of Doubt {freeze, SInv Stlth+}
  7412 | D:7      | Noticed a slime creature
  7456 | D:7      | Killed a slime creature
  7457 | D:7      | Reached skill level 1 in Evocations
  7457 | D:7      | Reached XP level 9. HP: 49/49 MP: 26/26
  7583 | D:7      | Noticed a boulder beetle
  7844 | D:7      | Reached skill level 12 in Spellcasting
  7948 | D:7      | Noticed a cyclops
  7956 | D:7      | Hit by a large rock thrown by a cyclops

Illustrated notes

Levels and vault maps discovered:
D:1:      sevenhm_arrival_forest_fort_small_3, layout_loops_corners
D:2:      layout_rooms, hellmonk_ecumenical_altar_slurped_away, uniq_natasha,
          uniq_robin, uniq_jessica
D:3:      layout_loops_cross, gammafunk_ghost_mausoleum,
          chequers_serial_rivers_small_3, skrybe_limestone_x,
          nicolae_elevator_lobby_asterisk
D:4:      layout_basic, nicolae_elyvilon_peaceful_grove,
          mainiacjoe_overflow_surrounded_room, minmay_diced_spiral
D:5:      layout_loops_ring, minmay_temple_entry_antechambers,
          corexii_leaking_fountain, grunt_decor_fettered,
          grunt_decor_one_mirror, kennysheep_nub, uniq_eustachio
D:6:      layout_basic, mainiacjoe_overflow_cross_hatched, serial_shops,
          nicolae_diamond_shop, uniq_edmund
D:7:      layout_basic, serial_bayou_pond_c, minmay_shattered_shrine
Temple:   kb_temple_of_zot

Skill      XL: |  1  2  3  4  5  6  7  8  9 |
---------------+----------------------------+-----
Spellcasting   | 5 6 7 9 11 12 | 12.0
Fighting       | 1 2 3 |  3.4
Armour         | 1 2 3 |  3.1
Conjurations   | 2 3 4 6 |  6.6
Stealth        | 3 |  3.0
Dodging        | 3 |  3.1
Poison Magic   | 1 |  1.0
Ice Magic      | 1 |  1.0
Air Magic      | 1 2 |  2.0
Evocations     | 1 |  1.0
Summonings     | |  1.1
Translocations | |  1.1

Action                   |  1- 3 |  4- 6 |  7- 9 || total
-------------------------+-------+-------+-------++-------
Melee: Dagger            |    13 |    32 |    49 ||    94
       Punch             |       |       |     1 ||     1
       Trident           |       |       |    45 ||    45
 Cast: Magic Dart        |   102 |    97 |   131 ||   330
       Call Imp          |     2 |       |     4 ||     6
       Mephitic Cloud    |     1 |     5 |    19 ||    25
       Blink             |       |       |     2 ||     2
  Use: Potion            |       |     1 |       ||     1
       Scroll            |       |       |    12 ||    12
 Stab: Confused          |       |     3 |    10 ||    13
       Sleeping          |       |     1 |       ||     1
Armor: Leather armour    |     4 |     7 |       ||    11
       Robe              |       |       |    19 ||    19
Dodge: Dodged            |    12 |    35 |    91 ||   138

Table legend: (Time is in decaauts)
 A = Elapsed time spent in this place.
 B = Non-inter-level travel time spent in this place.
 C = Inter-level travel time spent in this place.
 D = Time resting spent in this place.
 E = Time spent auto-exploring this place.
 F = Levels seen in this place.
 G = Mean time per level.
                   A        B        C        D        E       F      G
               +--------+--------+--------+--------+--------+-----+--------+
         Total |   7982 |   7761 |    221 |    421 |   6163 |   8 |  997.8 |
       Dungeon |   7826 |   7613 |    213 |    421 |   6022 |   7 | 1118.0 |
        Temple |    155 |    147 |      8 |      0 |    141 |   1 |  155.0 |
               +--------+--------+--------+--------+--------+-----+--------+

Top non-repeatable levels by time:
     D:1: 1502 daAuts
     D:7: 1248 daAuts
     D:6: 1240 daAuts
     D:2: 1095 daAuts
     D:5: 979 daAuts
     D:4: 906 daAuts
     D:3: 853 daAuts
  Temple: 155 daAuts
